Map: Galaktyczna przetwórnia ER

Players

AnDreJOO - Winner!

  • Race: Protoss Protoss
  • League: Master

Cusu

  • Race: Protoss Protoss
  • League: Master

VOD

Have the link to the VOD?

Description

Time

  • Played on: July 27, 2016, 1:02 p.m.
  • Length: 5:04
Show
View Real Time Build Order
Export as new Build Order

AnDreJOO Protoss - Winner!

Build Orders:  

Get SALT Encoding   

  12  0:01  Probe (Chrono Boost)  
  13  0:11  Probe (Chrono Boost)  
  14  0:17  Pylon  
  14  0:22  Probe (Chrono Boost)  
  16  0:35  Probe (Chrono Boost)  
  16  0:37  Gateway  
  16  0:42  Assimilator  
  16  0:46  Probe (Chrono Boost)  
  17  0:51  Assimilator  
  17  0:56  Probe (Chrono Boost)  
  18  1:07  Probe (Chrono Boost)  
  18  1:10  Gateway  
  19  1:18  Probe (Chrono Boost)  
  20  1:27  Cybernetics Core  
  20  1:28  Probe (Chrono Boost)  
  21  1:40  Probe (Chrono Boost)  
  21  1:45  Pylon  
  22  1:50  Warp Gate  
  22  1:51  Probe (Chrono Boost)  
  23  2:03  Stalker x2  
  29  2:11  Mothership Core (Chrono Boost)  
  29  2:19  Pylon  
  29  2:33  Stalker  
  29  2:37  Stalker  
  33  2:46  Robotics Facility  
  33  3:13  Nexus  
  33  3:22  Stalker  
  35  3:31  Immortal  
  39  3:47  Pylon  
  39  4:12  Immortal  
  39  4:21  Pylon, Stalker  
  45  4:27  Probe (Chrono Boost)  
  45  4:31  Probe (Chrono Boost)  
  48  4:39  Probe (Chrono Boost)  
  48  4:45  Stalker x2  
  46  4:48  Probe (Chrono Boost)  
Show
View Real Time Build Order
Export as new Build Order

Cusu Protoss 

Build Orders:  

Get SALT Encoding   

  12  0:01  Probe (Chrono Boost)  
  13  0:11  Probe (Chrono Boost)  
  14  0:18  Pylon  
  14  0:22  Probe (Chrono Boost)  
  15  0:36  Probe (Chrono Boost)  
  15  0:38  Gateway  
  16  0:47  Probe (Chrono Boost)  
  17  0:51  Assimilator  
  17  0:56  Assimilator  
  17  0:58  Probe (Chrono Boost)  
  18  1:08  Probe (Chrono Boost)  
  18  1:10  Pylon  
  19  1:19  Probe (Chrono Boost)  
  20  1:26  Cybernetics Core  
  20  1:30  Probe (Chrono Boost)  
  21  1:40  Probe (Chrono Boost)  
  22  1:51  Probe (Chrono Boost)  
  23  2:03  Robotics Facility  
  23  2:07  Robotics Facility  
  23  2:14  Mothership Core (Chrono Boost)  
  25  2:26  Pylon  
  25  2:45  Immortal  
  29  2:55  Immortal  
  33  3:14  Pylon  
  33  3:19  Warp Prism  
  39  3:34  Immortal  
  39  3:50  Immortal  
  43  4:15  Warp Prism  
Tags
 
Add a new tag
Caveats
  • Supply blocks, unpowered buildings, or Contaminate may cause inaccurate times.
  • Supply counts are checked every 10 seconds.